PBL
AMARILLO THUNDERHEADS @ AMERICUS BRAVES
08/12/2047
 
TOP OF THE 1ST
Amarillo ThunderHeads batting - Pitching for Americus Braves : RHP Jose Clemente
Pitching: RHP Jose Clemente
Batting: RHB Sam Voss 0-0: Ball
1-0: Ball
2-0: Foul Ball, location: 2F
2-1: Ball
3-1: Base on Balls
Batting: SHB Tyler Romo 0-0: Called Strike
0-1: Foul Ball, location: 2F
0-2: Ball
1-2: Ball
2-2: Foul Ball, location: 2F
2-2: Foul Ball, location: 2F
2-2: Strikes out swinging
Batting: RHB Eric Juarez 0-0: Called Strike
0-1: Ball
1-1: Fielders Choice at 2nd, 1-4 (Groundball, P, EV 60.6 MPH)
Batting: RHB Eric Camillo 0-0: Foul Ball, location: 2F
0-1: Ball
1-1: Fly out, F8 (Flyball, 8RS, EV 89.4 MPH)
Top of the 1st over - 0 runs, 0 hits, 0 errors, 1 left on base; Amarillo 0 - Americus 0
BOTTOM OF THE 1ST
Americus Braves batting - Pitching for Amarillo ThunderHeads : RHP Marty Nelson
Pitching: RHP Marty Nelson
Batting: RHB Danny Dimas 0-0: Ball
1-0: Ball
2-0: Ground out 5-3 (Groundball, 56S, EV 68.1 MPH)
Batting: RHB Yutaka Yamane 0-0: SINGLE (Flyball, 34D, EV 93.1 MPH)
Batting: RHB Ricardo Joya 0-0: Called Strike
0-1: Called Strike
0-2: Ball
Yutaka Yamane is caught stealing 2nd base 2-4
1-2: Strikes out swinging
Bottom of the 1st over - 0 runs, 1 hit, 0 errors, 0 left on base; Amarillo 0 - Americus 0
TOP OF THE 2ND
Amarillo ThunderHeads batting - Pitching for Americus Braves : RHP Jose Clemente
Batting: RHB Josh Shoemaker 0-0: Swinging Strike
0-1: Ball
1-1: Ball
2-1: Foul Ball, location: 2F
2-2: Ball
3-2: DOUBLE (Line Drive, 9LM, EV 109.4 MPH) - OUT at third base trying to stretch hit.
Batting: RHB Bill Flannery 0-0: Ball
1-0: Called Strike
1-1: Foul Ball, location: 2F
1-2: Fly out, F8 (Line Drive, 8LD, EV 93.1 MPH)
Batting: RHB Mario Gomez 0-0: Called Strike
0-1: Foul Ball, location: 2F
0-2: Hit by Pitch
Batting: RHB Ray Travis 0-0: Fielders Choice at 2nd, 5-4 (Groundball, 5, EV 79.4 MPH)
Top of the 2nd over - 0 runs, 1 hit, 0 errors, 1 left on base; Amarillo 0 - Americus 0
BOTTOM OF THE 2ND
Americus Braves batting - Pitching for Amarillo ThunderHeads : RHP Marty Nelson
Batting: LHB Ivan Castillo 0-0: Called Strike
0-1: Ball
1-1: Ball
2-1: Ball
3-1: Foul Ball, location: 2F
3-2: DOUBLE (Line Drive, 5D, EV 104.4 MPH)
Batting: RHB Wilson Salgado 0-0: Ball
1-0: Fly out, F7 (Flyball, 7, EV 91.9 MPH)
Batting: RHB Paul Holland 0-0: Called Strike
0-1: Ball
1-1: Ground out 6-3 (Groundball, 56, EV 98.1 MPH)
Batting: RHB James Anderson 0-0: Ground out 5-3 (Groundball, 56, EV 90.6 MPH)
Bottom of the 2nd over - 0 runs, 1 hit, 0 errors, 1 left on base; Amarillo 0 - Americus 0
TOP OF THE 3RD
Amarillo ThunderHeads batting - Pitching for Americus Braves : RHP Jose Clemente
Batting: RHB Zhong See-to 0-0: Ball
1-0: Fly out, F8 (Flyball, 8RD, EV 103.1 MPH)
Batting: RHB Sam Voss 0-0: Called Strike
0-1: Called Strike
0-2: Strikes out swinging
Batting: SHB Tyler Romo 0-0: Called Strike
0-1: Called Strike
0-2: Foul Ball, location: 2F
0-2: Foul Ball, location: 2F
0-2: Ball
1-2: Foul Ball, location: 2F
1-2: Foul Ball, location: 2F
1-2: Ball
2-2: Foul Ball, location: 2F
2-2: Ball
3-2: Fly out, F9 (Line Drive, 9S, EV 90.0 MPH)
Top of the 3rd over - 0 runs, 0 hits, 0 errors, 0 left on base; Amarillo 0 - Americus 0
BOTTOM OF THE 3RD
Americus Braves batting - Pitching for Amarillo ThunderHeads : RHP Marty Nelson
Batting: RHB Bart Stevensdick 0-0: Called Strike
0-1: Swinging Strike
0-2: Strikes out swinging
Batting: RHB Aaron Sartini 0-0: Ball
1-0: SINGLE (Flyball, 7S, EV 86.9 MPH)
Batting: RHB Danny Dimas 0-0: Called Strike
0-1: Called Strike
0-2: Ball
1-2: Strikes out swinging
Batting: RHB Yutaka Yamane 0-0: Called Strike
0-1: Ball
1-1: Foul Ball, location: 2F
1-2: Ball
2-2: Ball
3-2: Strikes out looking
Bottom of the 3rd over - 0 runs, 1 hit, 0 errors, 1 left on base; Amarillo 0 - Americus 0
TOP OF THE 4TH
Amarillo ThunderHeads batting - Pitching for Americus Braves : RHP Jose Clemente
Batting: RHB Eric Juarez 0-0: Ball
1-0: Ball
2-0: Ground out 5-3 (Groundball, 5, EV 105.0 MPH)
Batting: RHB Eric Camillo 0-0: Ball
1-0: Foul Ball, location: 2F
1-1: Foul Ball, location: 2F
1-2: Ball
2-2: Ball
3-2: Strikes out swinging
Batting: RHB Josh Shoemaker 0-0: Ball
1-0: Called Strike
1-1: Ball
2-1: Foul Ball, location: 2F
2-2: Foul Ball, location: 2F
2-2: Ball
3-2: Ground out U3 (Groundball, 3, EV 83.8 MPH)
Top of the 4th over - 0 runs, 0 hits, 0 errors, 0 left on base; Amarillo 0 - Americus 0
BOTTOM OF THE 4TH
Americus Braves batting - Pitching for Amarillo ThunderHeads : RHP Marty Nelson
Batting: RHB Ricardo Joya 0-0: Ball
1-0: Foul Ball, location: 2F
1-1: Ball
2-1: Ball
3-1: Swinging Strike
3-2: Foul Ball, location: 2F
3-2: Base on Balls
Batting: LHB Ivan Castillo 0-0: Foul Ball, location: 2F
0-1: Ball
1-1: Ball
2-1: Fielders Choice at 2nd, 4-6 (Groundball, 34S, EV 85.0 MPH)
Batting: RHB Wilson Salgado 0-0: Ball
1-0: Ball
2-0: Called Strike
2-1: Swinging Strike
2-2: Foul Ball, location: 2F
2-2: Ball
3-2: Foul Ball, location: 2F
3-2: Fly out, F7 (Flyball, 7LS, EV 96.2 MPH)
Batting: RHB Paul Holland 0-0: TRIPLE (Line Drive, 7D, EV 111.9 MPH)
Ivan Castillo scores
Batting: RHB James Anderson 0-0: Ball
1-0: Foul Ball, location: 2F
1-1: SINGLE (Groundball, 6MD, EV 106.9 MPH)
Paul Holland scores
Batting: RHB Bart Stevensdick 0-0: Ball
1-0: Called Strike
Balk!
James Anderson to second
1-1: Ground out U3 (Groundball, 34, EV 86.2 MPH)
Bottom of the 4th over - 2 runs, 2 hits, 0 errors, 1 left on base; Amarillo 0 - Americus 2
TOP OF THE 5TH
Amarillo ThunderHeads batting - Pitching for Americus Braves : RHP Jose Clemente
Batting: RHB Bill Flannery 0-0: Ball
1-0: Ground out U3 (Groundball, 34, EV 99.4 MPH)
Batting: RHB Mario Gomez 0-0: Ball
1-0: Called Strike
1-1: Called Strike
1-2: Strikes out swinging
Batting: RHB Ray Travis 0-0: Ball
1-0: Ball
2-0: Ball
3-0: Called Strike
3-1: Base on Balls
Batting: RHB Zhong See-to 0-0: Ball
1-0: Fly out, F7 (Flyball, 7D, EV 93.1 MPH)
Top of the 5th over - 0 runs, 0 hits, 0 errors, 1 left on base; Amarillo 0 - Americus 2
BOTTOM OF THE 5TH
Americus Braves batting - Pitching for Amarillo ThunderHeads : RHP Marty Nelson
Batting: RHB Aaron Sartini 0-0: Called Strike
0-1: Ball
1-1: Ball
2-1: Ground out 5-3 (Groundball, 56, EV 101.2 MPH)
Batting: RHB Danny Dimas 0-0: Ball
1-0: Ground out 6-3 (Groundball, 6, EV 106.9 MPH)
Batting: RHB Yutaka Yamane 0-0: Called Strike
0-1: Fly out, F9 (Flyball, 9LM, EV 88.8 MPH)
Bottom of the 5th over - 0 runs, 0 hits, 0 errors, 0 left on base; Amarillo 0 - Americus 2
TOP OF THE 6TH
Amarillo ThunderHeads batting - Pitching for Americus Braves : RHP Jose Clemente
Batting: RHB Sam Voss 0-0: Ball
1-0: Foul Ball, location: 2F
1-1: Ball
2-1: Ball
3-1: Base on Balls
Batting: SHB Tyler Romo 0-0: Grounds into double play, 4-6-3 (Groundball, 4, EV 83.1 MPH)
Batting: RHB Eric Juarez 0-0: Called Strike
0-1: Ball
1-1: Ball
2-1: Ball
3-1: DOUBLE (Flyball, 78D, EV 106.9 MPH)
Batting: RHB Eric Camillo 0-0: Swinging Strike
0-1: Ball
1-1: Fly out, F6 (Popup, 6M, EV 55.0 MPH)
Top of the 6th over - 0 runs, 1 hit, 0 errors, 1 left on base; Amarillo 0 - Americus 2
BOTTOM OF THE 6TH
Americus Braves batting - Pitching for Amarillo ThunderHeads : RHP Marty Nelson
Batting: RHB Ricardo Joya 0-0: Ball
1-0: Foul Ball, location: 2F
1-1: Swinging Strike
1-2: Strikes out swinging
Batting: LHB Ivan Castillo 0-0: Fly out, F5 (Popup, 56S, EV 68.8 MPH)
Batting: RHB Wilson Salgado 0-0: Called Strike
0-1: Called Strike
0-2: Strikes out swinging
Bottom of the 6th over - 0 runs, 0 hits, 0 errors, 0 left on base; Amarillo 0 - Americus 2
TOP OF THE 7TH
Amarillo ThunderHeads batting - Pitching for Americus Braves : RHP Jose Clemente
Batting: RHB Josh Shoemaker 0-0: Swinging Strike
0-1: Ground out 5-3 (Groundball, 56, EV 108.8 MPH)
Batting: RHB Bill Flannery 0-0: Ball
1-0: DOUBLE (Line Drive, 8LD, EV 98.8 MPH)
Batting: RHB Mario Gomez 0-0: Ground out 6-3 (Groundball, 6, EV 87.5 MPH)
Batting: RHB Ray Travis 0-0: Called Strike
0-1: Ball
1-1: Foul Ball, location: 2F
1-2: Strikes out looking
Top of the 7th over - 0 runs, 1 hit, 0 errors, 1 left on base; Amarillo 0 - Americus 2
BOTTOM OF THE 7TH
Americus Braves batting - Pitching for Amarillo ThunderHeads : RHP Marty Nelson
Batting: RHB Paul Holland 0-0: Ball
1-0: Ball
2-0: Ball
3-0: Base on Balls
Batting: RHB James Anderson 0-0: Foul Ball, location: 2F
0-1: Fly out, F8 (Line Drive, 8LD, EV 88.8 MPH)
Batting: RHB Bart Stevensdick 0-0: Ball
1-0: Foul Ball, location: 2F
1-1: Swinging Strike
1-2: Strikes out swinging
Batting: RHB Aaron Sartini 0-0: Called Strike
Paul Holland steals 2nd, throwing error, E2
Paul Holland to third
0-1: Swinging Strike
0-2: Foul Ball, location: 2F
0-2: Strikes out swinging
Bottom of the 7th over - 0 runs, 0 hits, 1 error, 1 left on base; Amarillo 0 - Americus 2
TOP OF THE 8TH
Amarillo ThunderHeads batting - Pitching for Americus Braves : RHP Jose Clemente
Pitching: RHP Outa Tamura
Batting: RHB Zhong See-to 0-0: Foul Ball, location: 2F
0-1: Swinging Strike
0-2: Ball
1-2: Ball
2-2: Ball
3-2: Foul Ball, location: 2F
3-2: Foul Ball, location: 2F
3-2: Foul Ball, location: 2F
3-2: Strikes out looking
Batting: RHB Sam Voss 0-0: Foul Ball, location: 2F
0-1: Ball
1-1: Ground out 6-3 (Groundball, 6M, EV 88.8 MPH)
Batting: SHB Tyler Romo 0-0: Called Strike
0-1: Swinging Strike
0-2: Ball
1-2: Foul Ball, location: 2F
1-2: Ball
2-2: Ball
3-2: Fly out, F9 (Flyball, 9LM, EV 100.6 MPH)
Top of the 8th over - 0 runs, 0 hits, 0 errors, 0 left on base; Amarillo 0 - Americus 2
BOTTOM OF THE 8TH
Americus Braves batting - Pitching for Amarillo ThunderHeads : RHP Marty Nelson
Batting: RHB Danny Dimas 0-0: SINGLE (Groundball, 56D, EV 104.4 MPH)
Batting: RHB Yutaka Yamane 0-0: Called Strike
0-1: Ball
1-1: Ball
2-1: Bunted foul
2-2: Fly out, F5 (Line Drive, 5, EV 69.4 MPH)
Batting: RHB Ricardo Joya 0-0: Ball
1-0: Ball
2-0: Swinging Strike
2-1: Swinging Strike
2-2: Ball
3-2: Foul Ball, location: 2F
3-2: Foul Ball, location: 2F
3-2: DOUBLE (Flyball, 8RXD, EV 106.9 MPH)
Danny Dimas to third
Danny Dimas scores
Batting: LHB Ivan Castillo 0-0: Intentional Walk
Batting: RHB Wilson Salgado 0-0: Fly out, F3 (Popup, 23F, EV 88.8 MPH)
Pitching: RHP Mike Hickey
Batting: RHB Paul Holland 0-0: Ball
1-0: SINGLE (Line Drive, 9LS, EV 91.2 MPH)
Ricardo Joya to third
Ivan Castillo to second
Batting: RHB James Anderson 0-0: Ball
1-0: Fly out, F8 (Flyball, 8LM, EV 85.0 MPH)
Bottom of the 8th over - 1 run, 3 hits, 0 errors, 3 left on base; Amarillo 0 - Americus 3
TOP OF THE 9TH
Amarillo ThunderHeads batting - Pitching for Americus Braves : RHP Outa Tamura
Batting: RHB Eric Juarez 0-0: Ball
1-0: Ball
2-0: Ball
3-0: Base on Balls
Batting: RHB Eric Camillo 0-0: Foul Ball, location: 2F
0-1: Ball
1-1: Called Strike
1-2: Foul Ball, location: 2F
1-2: Reached on error, E3 (Popup, 3, EV 68.1 MPH)
Eric Juarez to second
Pitching: RHP Walt Bunney
Batting: RHB Josh Shoemaker 0-0: Called Strike
0-1: Fly out, F7 (Flyball, 7, EV 83.1 MPH)
Batting: RHB Bill Flannery 0-0: Called Strike
0-1: Foul Ball, location: 2F
0-2: Foul Ball, location: 2F
0-2: Strikes out swinging
Batting: RHB Mario Gomez 0-0: Ball
1-0: Ball
2-0: Ball
3-0: Called Strike
3-1: Called Strike
3-2: Strikes out swinging
Top of the 9th over - 0 runs, 0 hits, 1 error, 2 left on base; Amarillo 0 - Americus 3
Thursday, December 15th , 2022 - OOTP Baseball 23.9 Build 102